AoeStats
← billigertheurer

Hideout

509490173Analyzed
1v1 RM · 4d ago on Sep 27, 2026· 66m 9s· 2 players
Game mode
Random Map
Map size
Tiny (2 player)
Population
200
Speed
Normal
Resources
Standard
Victory
Conquest
Starting age
Dark Age
Ending age
Imperial Age
RankedLock teamsTeams togetherTeam positionsShared explorationLock speedFull tech treeHidden civsTurbo modeCheats
Victory
Defeat
🇩🇪 Goths · Germany
372
+5
🇮🇹 Saracens · Italy
92
-5
Lo Scassatore
0:52 Loom
12:33 Feudal Age
12:44 Man-at-Arms
13:21 Double-Bit Axe
14:25 Arson
14:28 Town Watch
17:46 Forging
20:35 Horse Collar
23:45 Wheelbarrow
29:37 Castle Age
28:45 Fletching
29:52 Long Swordsman
30:34 Stone Mining
33:28 Heavy Plow
33:56 Guard Tower
36:53 Gambesons
37:13 Squires
37:41 Town Patrol
39:51 Ballistics
39:46 Masonry
40:37 Pikeman
42:19 Murder Holes
42:31 Gold Mining
43:05 Bow Saw
50:09 Imperial Age
48:05 Light Cavalry
56:33 Chemistry
58:03 Keep
58:13 Hoardings
billigertheurer
12:10 Feudal Age
12:21 Loom
13:37 Wheelbarrow
18:27 Town Watch
20:50 Horse Collar
21:13 Double-Bit Axe
25:11 Castle Age
25:08 Gold Mining
25:35 Stone Mining
26:38 Bow Saw
29:46 Hand Cart
29:32 Town Patrol
29:47 Pikeman
30:27 Squires
30:46 Crossbowman
31:29 Scale Mail Armor
31:40 Forging
31:40 Heavy Plow
33:32 Stone Shaft Mining
34:21 Padded Archer Armor
34:12 Fletching
35:56 Leather Archer Armor
35:37 Bodkin Arrow
35:07 Crossbowman
38:28 Iron Casting
38:09 Chain Mail Armor
44:32 Anarchy
44:39 Anarchy
52:54 Imperial Age
53:14 Capped Ram
55:46 Elite Huskarl
55:57 Sappers
66:46 Ring Archer Armor
66:17 Bracer
67:17 Blast Furnace
Connection lost

Rejoining the realm…

Still unreachable

The connection could not be restored.

Session expired

The server has moved on; the page needs a fresh start.